 Dungeon Crawl Stone Soup version 0.29-a0-320-g9f8742066b (webtiles) character file.

Game seed: 9138435329980214002

7 wakim the Skirmisher (level 1, -3/19 HPs)
             Began as a Palentonga Fighter on Apr 2, 2022.
             Frozen to death by an endoplasm (5 damage)
             ... on level 1 of the Dungeon.
             The game lasted 00:00:34 (101 turns).

wakim the Skirmisher (Palentonga Fighter)            Turns: 101, Time: 00:00:34

Health: -3/19      AC:  7    Str: 22    XL:     1   Next: 91%
Magic:  1/1        EV:  7    Int:  8    God:
Gold:   10         SH:  4    Dex:  9    Spells: 0/0 levels left

rFire   . . .      SeeInvis +   a - +0 flail
rCold   . . .      Faith    .   c - +0 buckler
rNeg    . . .      Spirit   .   b - +0 scale mail
rPois   .          Reflect  .   (no helmet)
rElec   .          Harm     .   (no cloak)
rCorr   .          Rampage  .   Q - +0 pair of gloves {Str+3}
Will    .....                   (no barding)
Stlth   ..........              (no amulet)
HPRegen 0.06/turn               (no ring)
MPRegen 0.07/turn               (no ring)

@: no status effects
A: large, rugged brown scales 3, see invisible, deformed body, roll 1, armoured
tail
a: Rolling Charge


You were on level 1 of the Dungeon.
You visited 1 branch of the dungeon, and saw 1 of its levels.

You collected 10 gold pieces.

Inventory:

Hand Weapons
 a - a +0 flail (weapon)
Armour
 b - a +0 scale mail (worn)
 c - a +0 buckler (worn)
 Q - a +0 pair of gloves of strength (worn)
Scrolls
 O - a scroll of magic mapping {unknown}
Potions
 N - a potion of might
 P - a potion of curing {unknown}


   Skills:
 * Level 3.2 Fighting
 * Level 2.3 Maces & Flails
 - Level 2.4 Armour
 + Level 2.5 Shields


You couldn't memorise any spells.
You didn't know any spells.
Your spell library was empty.

Dungeon Overview and Level Annotations

Branches:
Dungeon (1/15)

Altars:


Innate Abilities, Weirdness & Mutations

You are completely covered in rugged brown scales. (AC +3, +7% HP)
You have supernaturally acute eyesight. (SInv)
Armour fits poorly on your strangely shaped body.
You can roll at nearby foes to attack.
You have a long armoured tail.


Message History

You kill the goblin!
The kobold barely misses you.
You thump the kobold!
You kill the kobold!
An endoplasm comes into view. 16/19 (+1)
The endoplasm quivers.
An endoplasm comes into view.
Items here: ( )) ? †.
The endoplasm quivers.
You roll forward with a clatter of scales!
You hit the endoplasm.
The endoplasm is almost dead.
The endoplasm freezes you.
You are frozen. 13/19 (-3)
You barely miss the endoplasm.
The endoplasm is almost dead.
The endoplasm hits you. You block the endoplasm's attack.
The endoplasm freezes you.
You are frozen.
* * * LOW HITPOINT WARNING * * *
6/19 (-7)
You barely miss the endoplasm.
The endoplasm is almost dead.
The endoplasm freezes you.
You are frozen.
* * * LOW HITPOINT WARNING * * *
The endoplasm hits you but does no damage. 4/19 (-2) Unknown command.
You hit the endoplasm but do no damage.
The endoplasm is almost dead.
The endoplasm freezes you.
You are frozen.
* * * LOW HITPOINT WARNING * * *
The endoplasm hits you but does no damage.
The endoplasm freezes you.
You are frozen.
You die...

.# .................
.......)."...........#
..... ................
.#...###..........#...
...................... #
#..............##..
####.#...............#).
#......J..#.............
......J@..).##....#.....
.........#####......##..
........## ####.......
........# #####...
........# #### ........#
........# ........#


You could see 2 endoplasms.

Vanquished Creatures
  A goblin (D:1)
  A hobgoblin (D:1)
  2 bats (D:1)
  2 kobolds (D:1)
  A rat (D:1)
7 creatures vanquished.

Notes
Turn   | Place    | Note
-------+----------+-------------------------------------------
     0 | D:1      | wakim the Palentonga Fighter began the quest for the Orb.
     0 | D:1      | Reached XP level 1. HP: 19/19 MP: 1/1
     5 | D:1      | Noticed a black mamba
   101 | D:1      | Frozen to death by an endoplasm

Illustrated notes

Levels and vault maps discovered:
D:1:      sevenhm_arrival_forest_fort_small_2, layout_rooms, serial_shops, shop

Action                   || total
-------------------------++-------
Melee: Flail             ||    18
       Tailslap          ||     1
 Abil: Rolling Charge    ||     5
Armor: Scale mail        ||     9
Dodge: Dodged            ||     6
Block: Buckler           ||     2

Table legend: (Time is in decaauts)
 A = Elapsed time spent in this place.
 B = Non-inter-level travel time spent in this place.
 C = Inter-level travel time spent in this place.
 D = Time resting spent in this place.
 E = Time spent auto-exploring this place.
 F = Levels seen in this place.
 G = Mean time per level.
                   A        B        C        D        E       F      G
               +--------+--------+--------+--------+--------+-----+--------+
         Total |    106 |    106 |      0 |      0 |     61 |   1 |  106.0 |
       Dungeon |    106 |    106 |      0 |      0 |     61 |   1 |  106.0 |
               +--------+--------+--------+--------+--------+-----+--------+

Top non-repeatable levels by time:
     D:1: 106 daAuts
